 Dungeon Crawl Stone Soup version 0.28.0-43-g3370ac3207 (webtiles) character file.

Game seed: 6158580788812767993

95 KamiKatze the Magician (level 4, -8/33 HPs)
             Began as a Djinni Conjurer on Mar 7, 2022.
             Mangled by Grinder (9 damage)
             ... on level 3 of the Dungeon.
             The game lasted 00:09:07 (1921 turns).

KamiKatze the Magician (Djinni Conjurer)            Turns: 1921, Time: 00:09:07

Health: -8/33      AC:  3    Str:  6    XL:     4   Next: 95%
Gold:   69         EV: 12    Int: 27    God:
                   SH:  0    Dex: 12

rFire   + + .      SeeInvis .   m - +2 dagger (venom)
rCold   x . .      Faith    .   (no shield)
rNeg    . . .      Spirit   .   a - +0 robe
rPois   ∞          Reflect  .   (no helmet)
rElec   .          Harm     .   (no cloak)
rCorr   .          Rampage  .   b - +0 pair of gloves
Will    .....                   (boots unavailable)
Stlth   ++........              (no amulet)
HPRegen 0.11/turn               g - +6 ring of intelligence
MPRegen 0.00/turn               (no ring)

@: flying
A: sickness immunity, fire resistance 2, cold vulnerability 1, float, innate
caster, HP casting, extra vitality 1
a: no special abilities


You were on level 3 of the Dungeon.
You visited 1 branch of the dungeon, and saw 3 of its levels.

You collected 69 gold pieces.

Inventory:

Hand Weapons
 h - a +1 mace of holy wrath
 m - a +2 dagger of venom (weapon)
Missiles
 e - 124 stones
 i - 2 poisoned darts (quivered)
 r - 2 datura-tipped darts
Armour
 a - a +0 robe (worn)
 b - a +0 pair of gloves (worn)
 l - a +0 buckler
Jewellery
 g - a +6 ring of intelligence (left hand)
Scrolls
 c - a scroll of fog {unknown}
 f - 8 scrolls of identify {unknown}
 k - a scroll of teleportation {unknown}
 n - 3 scrolls of fear {unknown}
 q - 2 scrolls of blinking {unknown}
 s - a scroll of noise {unknown}
Potions
 d - a potion of attraction {unknown}
 j - a potion of cancellation {unknown}
 o - a potion of lignification {unknown}
 p - a potion of mutation {unknown}


   Skills:
 + Level 1.7 Fighting
 - Level 3.0 Dodging
 - Level 2.0 Stealth
 * Level 4.0 Spellcasting


You couldn't memorise any spells.
You knew the following spells:

 Your Spells              Type           Power      Damage    Failure   Level
a - Magic Dart            Conj           100%       1d8       1%          1
b - Searing Ray           Conj           54%        2d6       2%          2
c - Fulminant Prism       Conj/Hex       13%        3d9       16%         4
d - Iskenderun's Mystic   Conj/Tloc      27%        2d7       16%         4
f - Freeze                Ice            100%       1d11      1%          1
Z - Dazzling Flash        Conj/Hex       54%        N/A       4%          3
Your spell library was empty.

Dungeon Overview and Level Annotations

Branches:
Dungeon (3/15)

Altars:
Qazlal
Wu Jian

Shops:
D:1 (

Annotations:
D:2 1 runed translucent door, exclusion: door, Crazy Yiuf
D:3 Grinder


Innate Abilities, Weirdness & Mutations

You are immune to sickness and miasma.
You are immune to poison.
Your flesh is very heat resistant. (rF++)
You are vulnerable to cold. (rC-)
You float through the air rather than walking.
You learn spells naturally, not from books.
Your magical power is your life essence.
You have superior vitality. (+4 MHP)


Message History

Aiming: Fulminant Prism (extremely dangerous; 16% risk of failure)
Press: ? - help, Dir - move target You conjure a prism of explosive energy!
A fulminant prism comes into view.
Casting: Fulminant Prism (extremely dangerous; 16% risk of failure)
Confirm with . or Enter, or press ? or * to list all spells.
Aiming: Searing Ray (safe; 2% risk of failure)
Press: ? - help, Shift-Dir - straight line, f - Grinder
Aim: Grinder (heavily wounded, ally target, 77% to hit)
Okay, then.
Your fulminant prism crackles loudly.
Casting: Searing Ray (safe; 2% risk of failure)
Confirm with . or Enter, or press ? or * to list all spells.
Aiming: Searing Ray (safe; 2% risk of failure)
Press: ? - help, Shift-Dir - straight line The searing ray hits Grinder but does no damage.
Grinder is heavily wounded. (Press . to maintain the ray.)
A frilled lizard comes into view.
Your fulminant prism explodes!
The blast of energy engulfs Grinder!
Grinder is severely wounded.
The blast of energy engulfs you.
* * * LOW HITPOINT WARNING * * *
You hear an angry hiss.
Unknown command.
The searing ray hits Grinder.
Grinder is almost dead.
* * * LOW HITPOINT WARNING * * *
Grinder hits you but does no damage.
The searing ray hits Grinder.
Grinder is almost dead.
* * * LOW HITPOINT WARNING * * *
Grinder hits you!
* * * LOW HITPOINT WARNING * * *
You writhe in agony.
* * * LOW HITPOINT WARNING * * *
Without enough magic to sustain it, your searing ray dissipates.
Grinder hits you!
You die...

#.# #..##......
#.# #_..#⌠.....
#.# ######.....
#.# ..... ##.# ##
..... #..# .+#
.>... #<## ..###
#..########...⌠#⌠.
##.......@5...l.#
##############.$.


You could see Grinder and a frilled lizard.

Vanquished Creatures
  Jessica (D:2)
  A gnoll (D:2)
  3 adders
  A dart slug (D:2)
  3 endoplasms
  3 giant cockroaches
  A goblin (D:1)
  4 hobgoblins
  A quokka (D:2)
  5 ball pythons
  A bat (D:2)
  3 frilled lizards
  3 kobolds
  3 rats
33 creatures vanquished.

Vanquished Creatures (others)
  3 fulminant prisms
  3 fungi
  3 plants (D:1)
9 creatures vanquished.

Grand Total: 42 creatures vanquished

Notes
Turn   | Place    | Note
-------+----------+-------------------------------------------
     0 | D:1      | KamiKatze the Djinni Conjurer began the quest for the Orb.
     0 | D:1      | Reached XP level 1. HP: 15/15 MP: 0/0
   129 | D:1      | Found Sacocref's Weapon Emporium.
   288 | D:1      | Found a faded altar of an unknown god.
   436 | D:1      | Reached XP level 2. HP: 17/22 MP: 0/0
   679 | D:2      | Noticed Jessica
   822 | D:2      | Reached XP level 3. HP: 25/26 MP: 0/0
   822 | D:2      | Learned a level 1 spell: Freeze
   908 | D:2      | Found an ornate altar of the Wu Jian Council.
   939 | D:2      | Killed Jessica
   940 | D:2      | Reached skill level 1 in Fighting
   940 | D:2      | Reached XP level 4. HP: 10/32 MP: 0/0
  1402 | D:2      | Found a runed translucent door.
  1403 | D:2      | Noticed Crazy Yiuf
  1816 | D:3      | Found a stormy altar of Qazlal.
  1894 | D:3      | Reached skill level 4 in Spellcasting
  1912 | D:3      | Noticed Grinder
  1920 | D:3      | HP: 1/33 [Grinder (4)]
  1921 | D:3      | Mangled by Grinder

Illustrated notes

Levels and vault maps discovered:
D:1:      eino_arrival_cavern_e, layout_basic, shapermc_ecumenical_altar_ellora,
          serial_shops, shop, serial_bayou, serial_bayou_shore_a,
          serial_bayou_lagoon_a, serial_bayou_lake_a, serial_bayou_shore_b
D:2:      layout_loops_ring, basic_altar, kennysheep_generic_room_16,
          uniq_crazy_yiuf_cottage, uniq_jessica
D:3:      layout_rooms, general_overflow_altar, nicolae_ashenzari_panopticon,
          nicolae_overflow_quartered_altars, uniq_terence, uniq_grinder,
          uniq_ijyb

Skill      XL: |  1  2  3  4 |
---------------+-------------+-----
Fighting       | 1 |  1.7
Stealth        | 2 |  2.0
Dodging        | 3 |  3.0
Spellcasting   | 4 |  4.0

Action                   |  1- 3 |  4- 6 || total
-------------------------+-------+-------++-------
Melee: Mace              |     7 |       ||     7
       Dagger            |     3 |     4 ||     7
 Cast: Magic Dart        |    24 |    23 ||    47
       Searing Ray       |     2 |     3 ||     5
       Dazzling Flash    |     1 |       ||     1
       Fulminant Prism   |       |     3 ||     3
Armor: Robe              |       |     2 ||     2
Dodge: Dodged            |     7 |       ||     7
